 Dungeon Crawl Stone Soup version 0.21-a0-552-g593960d (webtiles) character file.

81 KristoblXynda the Ducker (level 4, -6/33 HPs)
             Began as a Vampire Gladiator on Dec 17, 2017.
             Mangled by Robin
             ... wielding a +1 dagger of electrocution
              (10 damage)
             ... on level 2 of the Dungeon.
             The game lasted 00:02:35 (1007 turns).

KristoblXynda the Ducker (Vampire Gladiator)        Turns: 1007, Time: 00:02:35

Health: -6/33      AC:  5    Str: 14    XL:     4   Next: 19%
Magic:  4/4        EV: 14    Int: 10    God:
Gold:   54         SH:  0    Dex: 15    Spells: 3/3 levels left

rFire    . . .     SeeInvis +   a - +0 long sword
rCold    . . .     Gourm    .   (no shield)
rNeg     . . .     Faith    .   b - +0 leather armour
rPois    .         Spirit   .   c - +0 helmet
rElec    .         Reflect  .   (no cloak)
rCorr    .         Harm     .   l - +0 pair of gloves
MR       .....                  (no boots)
Stlth    ++........             (no amulet)
HPRegen  0.31/turn              (no ring)
MPRegen  0.09/turn              (no ring)

@: regenerating quickly
A: fangs 3, see invisible, unbreathing
a: no special abilities


You were on level 2 of the Dungeon.
You were very full.

You visited 1 branch of the dungeon, and saw 2 of its levels.

You collected 54 gold pieces.

Inventory:

Hand Weapons
 a - a +0 long sword (weapon)
Missiles
 d - 3 throwing nets (quivered)
Armour
 b - a +0 leather armour (worn)
 c - a +0 helmet (worn)
 l - a +0 pair of gloves (worn)
Jewellery
 f - a +4 ring of strength {unknown}
Scrolls
 i - 2 scrolls of identify {unknown}
 j - 2 scrolls of remove curse {unknown}
 m - a scroll of enchant armour {unknown}
Potions
 e - a potion of blood
 g - a potion of curing {unknown}
 h - a potion of agility {unknown}
 k - 2 potions of degeneration {unknown}
 n - a potion of cancellation {unknown}


   Skills:
 - Level 1.7 Fighting
 + Level 3.8 Long Blades
 - Level 2.1 Throwing
 + Level 4.1 Dodging
 + Level 2.2 Stealth


You had 3 spell levels left.
You didn't know any spells.

Dungeon Overview and Level Annotations

Branches:
Dungeon (2/15)

Altars:

Annotations:
D:2 Robin


Innate Abilities, Weirdness & Mutations

Your natural rate of healing is unusually fast.
You have razor-sharp teeth.
You have supernaturally acute eyesight. (SInv)
You can survive without breathing.


Message History

Robin is moderately wounded.
Robin barely misses you.
You slash Robin!
Robin is severely wounded.
Robin hits you but does no damage. x2
You hit Robin but do no damage.
Robin is severely wounded.
Robin hits you but does no damage.
You are electrocuted!
Ouch! That really hurt!
* * * LOW HITPOINT WARNING * * *
You completely miss Robin.
Robin is severely wounded.
Robin hits you with a dagger of electrocution.
* * * LOW HITPOINT WARNING * * *
You hit Robin but do no damage.
Robin is severely wounded.
Robin hits you with a dagger of electrocution.
* * * LOW HITPOINT WARNING * * *
You are electrocuted!
You die...

### ..# # #.# ..
#.# ... ### #.#
..$####.###@# ...
......##g#
..gg##.#.#.#g#
#g..gggg$.gg######
.g.###.#.#........#
##...>#####..#
##.#.# #..# #...#
#..# #.#.# #..#


You could see Robin, a hobgoblin and 2 goblins.

Vanquished Creatures
  A crimson imp (D:2)
  An adder (D:2)
  A worm (D:2)
  A leopard gecko (D:1)
  4 bats (D:1)
  A giant cockroach (D:1)
  7 goblins
  4 hobgoblins
  6 jackals (D:2)
  A quokka (D:2)
  3 kobolds (D:1)
  2 rats (D:1)
32 creatures vanquished.

Notes
Turn   | Place    | Note
-------+----------+-------------------------------------------
     0 | D:1      | KristoblXynda the Vampire Gladiator began the quest for the Orb.
     0 | D:1      | Reached XP level 1. HP: 16/16 MP: 1/1
   317 | D:1      | Reached XP level 2. HP: 22/22 MP: 2/2
   821 | D:2      | Reached XP level 3. HP: 27/27 MP: 3/3
   919 | D:2      | Noticed Robin
   958 | D:2      | Reached skill level 4 in Dodging
   958 | D:2      | Reached XP level 4. HP: 29/33 MP: 4/4
  1007 | D:2      | Mangled by Robin

Vault maps used:
D:1:      minmay_arrival_four_circles
D:2:      uniq_robin

Skill      XL: |  1  2  3 |
---------------+----------+-----
Throwing       | 2 |  2.1
Dodging        | 4 |  4.1
Stealth        | 2 |  2.2
Fighting       | |  1.7
Long Blades    | |  3.8

Action                   |  1- 3 |  4- 6 || total
-------------------------+-------+-------++-------
Melee: Long sword        |    96 |    13 ||   109
       Bite              |    11 |       ||    11
  Use: Potion            |    10 |       ||    10
Armor: Leather armour    |    26 |     7 ||    33
Dodge: Dodged            |    90 |     7 ||    97
       Rpst.: Long sword |    21 |     5 ||    26

Table legend:
 A = Spawn XP
 B = Non-spawn XP
 C = Spawn XP percentage of total XP
 D = Spawn monster count
 E = Non-spawn monster count
 F = Spawn count percentage of total count
 G = Total turns spent on level
                    A         B        C        D         E        F      G
               +---------+---------+-------+---------+---------+-------+---------
         Total |       0 |     116 |   0.0 |       0 |      32 |   0.0 |  1007
               +---------+---------+-------+---------+---------+-------+---------
           D:1 |       0 |      22 |   0.0 |       0 |      14 |   0.0 |   782
           D:2 |       0 |      94 |   0.0 |       0 |      18 |   0.0 |   225
               +---------+---------+-------+---------+---------+-------+---------
